 Dungeon Crawl Stone Soup version 0.30-a0-918-g0ff054e9dc (webtiles) character file.

Game seed: 10697373963205696314

1022 Sobieck the Geomancer (level 8, 0/62 HPs)
             Began as a Ghoul Earth Elementalist on Mar 20, 2023.
             Was an Initiate of Vehumet.
             Slain by an orc warrior
             ... wielding a +0 battleaxe
              (10 damage)
             ... on level 5 of the Dungeon.
             The game lasted 00:10:05 (4916 turns).

Sobieck the Geomancer (Ghoul Earth Elementalist)    Turns: 4916, Time: 00:10:05

Health: 0/62       AC:  4    Str: 18    XL:     8   Next: 22%
Magic:  3/11       EV: 12    Int: 12    God:    Vehumet [......]
Gold:   308        SH:  0    Dex:  9    Spells: 9/13 levels left

rFire   . . .      SeeInvis .    l - +0 staff of Battle {staff}
rCold   + . .      Faith    .    (no shield)
rNeg    + + +      Spirit   .    a - +0 robe
rPois   ∞          Reflect  .    (no helmet)
rElec   .          Rampage  .    (no cloak)
rCorr   .                        (no gloves)
Will    .....                    x - +1 pair of boots
Stlth   ++                       G - amulet of regeneration {@e2}
HPRegen 0.00/turn                D - +6 ring of strength
MPRegen 0.12/turn                E - ring of wizardry

@: inhibited regen
A: claws 1, cold resistance 1, negative energy resistance 3, inhibited
regeneration, torment resistance 2, devour on kill
a: Renounce Religion


You were on level 5 of the Dungeon.
You worshipped Vehumet.
Vehumet was noncommittal.
You visited 2 branches of the dungeon, and saw 7 of its levels.

You collected 308 gold pieces.


Innate Abilities, Weirdness & Mutations

You are immune to poison.
You have sharp fingernails.
Your flesh is cold resistant. (rC+)
You are immune to negative energy. (rN+++)
You do not regenerate when monsters are visible.
You are immune to unholy pain and torment.
You thrive by killing the living.


   Skills:
 + Level 2.9 Fighting
 - Level 1.7 Dodging
 - Level 2.1 Stealth
 + Level 3.0 Spellcasting
 - Level 1.0 Conjurations
 - Level 0.8 Transmutations
 + Level 9.5 Earth Magic


You had 9 spell levels left.
You knew the following spells:

 Your Spells              Type           Power      Damage    Failure   Level
a - Sandblast             Erth           48%        2d12      1%          1
b - Stone Arrow           Conj/Erth      42%        3d9       3%          3

Your spell library contained the following spells:

 Spells                   Type           Power      Damage    Failure   Level
 Passwall                 Tmut/Erth      11%        N/A       1%          2
 Static Discharge         Conj/Air       8%         2-3/arc   12%         2
 Petrify                  Tmut/Erth      14%        N/A       12%         4
 Cigotuvi's Dreadful Rot  Necr/Pois/Air  2%         N/A       16%         2
 Lesser Beckoning         Tloc           2%         N/A       16%         2
 Poisonous Vapours        Pois/Air       2%         N/A       16%         2
 Mephitic Cloud           Conj/Pois/Air  3%         N/A       26%         3
 Gell's Gravitas          Tloc           1%         N/A       28%         3
 Summon Guardian Golem    Hex/Summ       1%         N/A       28%         3
 Teleport Other           Tloc           1%         N/A       28%         3
 Vhi's Electric Charge    Tloc/Air       2%         N/A       28%         3
 Arcjolt                  Conj/Air       2%         1d12      89%         5
 Plasma Beam              Fire/Air       0%         2x1d11    92%         5
 Orb of Destruction       Conj           3%         9d5       100%        7
 Spellforged Servitor     Conj/Summ      2%         N/A       100%        7

Inventory:

Hand Weapons
 d - a +0 hand axe {axe}
   (You found it on level 1 of the Dungeon)
 g - a +0 club {mace}
   (You took it off a goblin on level 1 of the Dungeon)
 h - a +0 short sword {short}
   (You took it off a kobold on level 1 of the Dungeon)
 l - the +0 staff of Battle (weapon) {staff}
   (You acquired it on level 4 of the Dungeon)

   It enhances your conjuration magic.
   It summons a battlesphere in combat, with strength depending on Conjurations
   skill.
   Its strikes trigger the battlesphere's blasts.
 u - a +2 vampiric spear {polearm}
   (You took it off a gnoll on level 3 of the Dungeon)
 y - the +7 spear of the Burning Gods {freeze, rF- Str+5, polearm}
   (You found it on level 3 of the Dungeon)

   Str:       It affects your strength (+5).
   rF:        It makes you vulnerable to fire.
Missiles
 i - 42 stones {throwing}
 v - 18 poisoned darts {throwing}
 z - 5 atropa-tipped darts {throwing}
Armour
 a - a +0 robe (worn)
 f - a +0 leather armour
   (You found it on level 1 of the Dungeon)
 j - a +0 leather armour
   (You found it on level 1 of the Dungeon)
 m - a +0 scale mail
   (You found it on level 4 of the Dungeon)
 n - a +0 ring mail
   (You found it on level 1 of the Dungeon)
 s - a +0 ring mail
   (You found it on level 2 of the Dungeon)
 x - a +1 pair of boots (worn)
   (You found it on level 4 of the Dungeon)
Jewellery
 D - a +6 ring of strength (left claw)
   (You found it on level 3 of the Dungeon)
 E - a ring of wizardry (right claw)
   (You found it on level 4 of the Dungeon)
 G - an amulet of regeneration (around neck) {@e2}
   (You found it on level 4 of the Dungeon)
Wands
 w - a wand of light (7)
   (You found it on level 4 of the Dungeon)
 A - a wand of digging (5)
   (You took it off Grinder on level 3 of the Dungeon)
 B - a wand of mindburst (16)
   (You found it on level 5 of the Dungeon)
Scrolls
 t - 3 scrolls of enchant weapon
 F - a scroll of immolation {!r!r}
 H - a scroll of fog
Potions
 b - a potion of magic
 c - 2 potions of curing {@q1}
 e - 3 potions of might
 k - 2 potions of flight
 o - a potion of brilliance {unknown}
 p - 4 potions of cancellation {unknown}
 q - a potion of heal wounds {unknown}
 r - 2 potions of lignification {unknown}

Dungeon Overview and Level Annotations

Branches:
Dungeon (6/15) Zot: 26743  Temple (1/1) D:6 Zot: 5910

Altars:
Ashenzari
Cheibriados
Dithmenos
Fedhas
Gozag
Hepliaklqana
Kikubaaqudgha
Makhleb
Nemelex Xobeh
Okawaru
Qazlal
Sif Muna
Trog
Uskayaw
Vehumet
Wu Jian
Xom
Yredelemnul

Shops:
D:2

*
..###...###############
..# #...# #.........#
..# #...# #.........#
..# #...# #.........#
..###...#####.........#
............'...>.....#
........#####.........#
.......## ###...o.....#
##.....####.....@.....#
#........#.#.........#
#......#.#.#.....*...#
#.....)..#.####'#######
#.....#.##.#..........#
#......_...#..........#
##.....#.####..........#
#........####..........#
#......###..+..........#


You could see an orc warrior (ally target) and a friendly battlesphere.


Message History

You conjure a globe of magical energy.
The orc warrior throws a boomerang.
The boomerang barely misses you.
Casting: Sandblast (safe; 1% risk of failure)
Confirm with . or Enter, or press ? or * to list all spells.
Aiming: Sandblast (safe; 1% risk of failure)
Press: ? - help, Shift-Dir - straight line, f - orc warrior
Aim: an orc warrior, wielding a +0 battleaxe, wearing a +0 plate armour and quivering boomerangs (magical condensation, 83% to hit)
The blast of sand hits the orc warrior but does no damage.
Your battlesphere fires!
The barrage of energy hits the orc warrior.
The orc warrior throws a boomerang.
The boomerang hits you!
Casting: Sandblast (safe; 1% risk of failure)
Confirm with . or Enter, or press ? or * to list all spells.
Aiming: Sandblast (safe; 1% risk of failure)
Press: ? - help, Shift-Dir - straight line, f/p - orc warrior
Aim: an orc warrior, wielding a +0 battleaxe, wearing a +0 plate armour and quivering boomerangs (lightly wounded, ally target, 83% to hit)
The blast of sand hits the orc warrior but does no damage.
Your battlesphere fires!
The barrage of energy hits the orc warrior.
Casting: Sandblast (safe; 1% risk of failure)
Confirm with . or Enter, or press ? or * to list all spells.
Aiming: Sandblast (safe; 1% risk of failure)
Press: ? - help, Shift-Dir - straight line, f/p - orc warrior
Aim: an orc warrior, wielding a +0 battleaxe, wearing a +0 plate armour and quivering boomerangs (moderately wounded, ally target, 83% to hit)
The blast of sand misses the orc warrior.
Your battlesphere fires!
The barrage of energy hits the orc warrior!
The orc warrior hits you with a +0 battleaxe!
The orc warrior hits you with a +0 battleaxe.
Casting: Sandblast (safe; 1% risk of failure)
Confirm with . or Enter, or press ? or * to list all spells.
Aiming: Sandblast (safe; 1% risk of failure)
Press: ? - help, Shift-Dir - straight line, f/p - orc warrior
Aim: an orc warrior, wielding a +0 battleaxe, wearing a +0 plate armour and quivering boomerangs (heavily wounded, ally target, 83% to hit)
The blast of sand hits the orc warrior but does no damage.
Your battlesphere fires!
The barrage of energy hits the orc warrior.
Your battlesphere expends the last of its energy and dissipates.
The orc warrior hits you with a +0 battleaxe!
* * * LOW HITPOINT WARNING * * *
Casting: Sandblast (safe; 1% risk of failure)
Confirm with . or Enter, or press ? or * to list all spells.
Aiming: Sandblast (safe; 1% risk of failure)
Press: ? - help, Shift-Dir - straight line, f/p - orc warrior
Aim: an orc warrior, wielding a +0 battleaxe, wearing a +0 plate armour and quivering boomerangs (severely wounded, 83% to hit)
The blast of sand hits the orc warrior but does no damage.
You conjure a globe of magical energy.
The orc warrior barely misses you. x2
Casting: Sandblast (safe; 1% risk of failure)
Confirm with . or Enter, or press ? or * to list all spells.
Aiming: Sandblast (safe; 1% risk of failure)
Press: ? - help, Shift-Dir - straight line, f/p - orc warrior
Aim: an orc warrior, wielding a +0 battleaxe, wearing a +0 plate armour and quivering boomerangs (severely wounded, 83% to hit)
The blast of sand hits the orc warrior.
Your battlesphere fires!
The barrage of energy hits the orc warrior but does no damage.
The orc warrior hits you with a +0 battleaxe!
* * * LOW HITPOINT WARNING * * *
Casting: Sandblast (safe; 1% risk of failure)
Confirm with . or Enter, or press ? or * to list all spells.
Aiming: Sandblast (safe; 1% risk of failure)
Press: ? - help, Shift-Dir - straight line, f/p - orc warrior
Aim: an orc warrior, wielding a +0 battleaxe, wearing a +0 plate armour and quivering boomerangs (severely wounded, ally target, 83% to hit)
The blast of sand hits the orc warrior but does no damage.
Your battlesphere fires!
The barrage of energy hits the orc warrior.
The orc warrior hits you with a +0 battleaxe!
* * * LOW HITPOINT WARNING * * *
The orc warrior closely misses you.
Casting: Sandblast (safe; 1% risk of failure)
Confirm with . or Enter, or press ? or * to list all spells.
Aiming: Sandblast (safe; 1% risk of failure)
Press: ? - help, Shift-Dir - straight line, f/p - orc warrior
Aim: an orc warrior, wielding a +0 battleaxe, wearing a +0 plate armour and quivering boomerangs (severely wounded, ally target, 83% to hit)
The blast of sand misses the orc warrior.
Your battlesphere fires!
The barrage of energy hits the orc warrior but does no damage.
The orc warrior barely misses you.
Unknown command.
You feel better.
The orc warrior hits you but does no damage.
You feel better.
The orc warrior hits you with a +0 battleaxe!
* * * LOW HITPOINT WARNING * * *
Casting: Sandblast (safe; 1% risk of failure)
Confirm with . or Enter, or press ? or * to list all spells.
Aiming: Sandblast (safe; 1% risk of failure)
Press: ? - help, Shift-Dir - straight line, f/p - orc warrior
Aim: an orc warrior, wielding a +0 battleaxe, wearing a +0 plate armour and quivering boomerangs (severely wounded, ally target, 83% to hit)
The blast of sand hits the orc warrior but does no damage.
Your battlesphere fires!
The barrage of energy hits the orc warrior.
The orc warrior barely misses you. x2
Casting: Sandblast (safe; 1% risk of failure)
Confirm with . or Enter, or press ? or * to list all spells.
Okay, then.
Okay, then.
As you read the scroll of torment, it crumbles to dust.
You feel a surge of unholy energy.
The orc warrior convulses!
The orc warrior hits you with a +0 battleaxe!
You die...

Skill      XL: |  1  2  3  4  5  6  7  8 |
---------------+-------------------------+-----
Earth Magic    | 4 5 7 8 9 |  9.5
Fighting       | 2 |  2.9
Spellcasting   | 2 3 |  3.0
Conjurations   | 1 |  1.0
Dodging        | |  1.7
Stealth        | |  2.1
Transmutations | |  0.8

Action                     |  1- 3 |  4- 6 |  7- 9 || total
---------------------------+-------+-------+-------++-------
  Melee: Short sword       |     1 |       |       ||     1
         Spear             |       |     2 |       ||     2
         Staff             |       |     4 |       ||     4
   Cast: Sandblast         |    48 |    32 |    56 ||   136
    Use: Scroll            |       |    12 |     6 ||    18
         Potion            |       |       |     2 ||     2
 Armour: Robe              |     2 |     2 |    13 ||    17
  Dodge: Dodged            |     4 |     8 |    36 ||    48

Levels and vault maps discovered:
D:1:      kb_arrival_jail, layout_rooms
D:2:      layout_basic, serial_shops, shop
D:3:      layout_loops_corners, hellmonk_ecumenical_altar_leap_of_faith,
          uniq_grinder
D:4:      layout_rooms, minmay_fractal_squares_gapless_5
D:5:      layout_basic, lemuel_crystal_altar
D:6:      layout_layer_cave, grunt_temple_overflow_open,
          minmay_temple_entry_tees, grunt_decor_cap
Temple:   nicolae_temple_bog_church

Notes
Turn   | Place    | Note
-------+----------+-------------------------------------------
     0 | D:1      | Sobieck the Ghoul Earth Elementalist began the quest for
                  | the Orb.
     0 | D:1      | Reached XP level 1. HP: 14/14 MP: 2/2
     2 | D:1      | Noticed a naga
     2 | D:1      | Noticed a gargoyle
     4 | D:1      | Noticed a vine stalker
     4 | D:1      | Noticed an octopode
     6 | D:1      | Noticed a human
     6 | D:1      | Noticed a merfolk
     8 | D:1      | Noticed a vampire
     8 | D:1      | Noticed a ghoul
    10 | D:1      | Noticed an armataur
    10 | D:1      | Noticed a spriggan
    12 | D:1      | Noticed a formicid
    14 | D:1      | Noticed an ogre
    16 | D:1      | Noticed a felid
    18 | D:1      | Noticed a troll
    18 | D:1      | Noticed a draconian
    20 | D:1      | Noticed a tengu
    20 | D:1      | Noticed a demonspawn
    22 | D:1      | Noticed a demigod
    22 | D:1      | Noticed a minotaur
    25 | D:1      | Noticed an elf
    25 | D:1      | Noticed a demonspawn
    27 | D:1      | Noticed a human
    27 | D:1      | Noticed a vine stalker
   255 | D:1      | Reached XP level 2. HP: 20/20 MP: 0/3
   319 | D:1      | Reached skill level 4 in Earth Magic
   751 | D:2      | Reached XP level 3. HP: 26/26 MP: 0/4
   926 | D:2      | Learned a level 3 spell: Stone Arrow
   968 | D:2      | Found Hoariekk's Assorted Antiques.
  1205 | D:2      | Reached skill level 5 in Earth Magic
  1382 | D:2      | You pick up a book of Displacement and begin reading...
  1382 | D:2      | You add the spells Lesser Beckoning, Gell's Gravitas and
                  | Teleport Other to your library.
  1747 | D:2      | Reached XP level 4. HP: 33/33 MP: 3/5
  2090 | D:3      | Identified the +7 spear of the Burning Gods {freeze, rF-
                  | Str+5}
  2498 | D:3      | You pick up a book of Dangerous Friends and begin
                  | reading...
  2498 | D:3      | You add the spells Summon Guardian Golem, Orb of
                  | Destruction and Spellforged Servitor to your library.
  2604 | D:3      | Noticed Grinder
  2612 | D:3      | Killed Grinder
  2613 | D:3      | Reached skill level 7 in Earth Magic
  2613 | D:3      | Reached XP level 5. HP: 21/38 MP: 0/6
  2613 | D:3      | Reached XP level 6. HP: 25/45 MP: 0/7
  2708 | D:3      | Found a faded altar of an unknown god.
  2908 | D:4      | You pick up a book of Lightning and begin reading...
  2908 | D:4      | You add the spells Static Discharge, Vhi's Electric Charge,
                  | Plasma Beam and Arcjolt to your library.
  2986 | D:4      | Identified a scroll of acquirement
  2986 | D:4      | Acquired the +0 staff of Battle
  2986 | D:4      | Found the +0 staff of Battle {staff}
  3335 | D:4      | Noticed a black bear
  3338 | D:4      | Killed a black bear
  3339 | D:4      | Reached skill level 8 in Earth Magic
  3339 | D:4      | Reached XP level 7. HP: 50/50 MP: 4/8
  3766 | D:5      | Entered Level 5 of the Dungeon
  3816 | D:5      | Reached skill level 9 in Earth Magic
  3874 | D:5      | Reached skill level 1 in Fighting
  3874 | D:5      | Reached skill level 2 in Spellcasting
  3923 | D:5      | You pick up a book of Vapours and begin reading...
  3923 | D:5      | You add the spells Poisonous Vapours, Cigotuvi's Dreadful
                  | Rot and Mephitic Cloud to your library.
  3928 | D:5      | Found a shimmering blue altar of Sif Muna.
  3937 | D:5      | Reached skill level 1 in Conjurations
  4396 | D:5      | Reached skill level 2 in Fighting
  4396 | D:5      | Reached XP level 8. HP: 62/62 MP: 6/11
  4594 | D:6      | Found a staircase to the Ecumenical Temple.
  4602 | Temple   | Entered the Ecumenical Temple
  4672 | Temple   | Became a worshipper of Vehumet
  4727 | D:6      | Found an iron altar of Okawaru.
  4828 | D:6      | Found a blossoming altar of Fedhas.
  4829 | D:6      | Found an ancient bone altar of Kikubaaqudgha.
  4829 | D:6      | Found a hide-covered altar of Uskayaw.
  4831 | D:6      | Found a hazy altar of Hepliaklqana.
  4863 | D:5      | Reached skill level 3 in Spellcasting
  4910 | D:5      | HP: 15/62 [orc warrior/+0 battleaxe (9)]
  4911 | D:5      | HP: 2/62 [orc warrior/+0 battleaxe (13)]
  4916 | D:5      | Slain by an orc warrior

Vanquished Creatures
  Grinder (D:3)
  2 black bears
  2 ice beasts
  A scorpion (D:5)
  A howler monkey (D:4)
  3 hounds
  A jelly (D:5)
  7 gnolls
  9 adders
  A white imp (D:6)
  An ufetubus (D:4)
  3 worms
  3 dart slugs
  An orc (D:3)
  3 ball pythons
  4 endoplasms
  2 giant cockroaches
  9 goblins
  2 hobgoblins (D:4)
  9 kobolds
  4 quokkas
  2 bats (D:2)
  7 frilled lizards
  3 rats
81 creatures vanquished.

Table legend:
 A = Non-vault XP
 B = Vault XP
 C = Vault XP percentage of total XP
 D = Non-vault monster count
 E = Vault monster count
 F = Vault count percentage of total count
                 A         B        C        D         E       F
            +---------+---------+-------+---------+---------+-------
      Total |    1180 |     281 |  19.2 |      75 |       6 |   7.4
            +---------+---------+-------+---------+---------+-------
        D:1 |      17 |       0 |   0.0 |       9 |       0 |   0.0
        D:2 |      92 |       0 |   0.0 |      23 |       0 |   0.0
        D:3 |      42 |     272 |  86.6 |       9 |       1 |  10.0
        D:4 |     335 |       9 |   2.6 |      18 |       5 |  21.7
        D:5 |     557 |       0 |   0.0 |      14 |       0 |   0.0
        D:6 |     137 |       0 |   0.0 |       2 |       0 |   0.0
            +---------+---------+-------+---------+---------+-------

Illustrated notes

Table legend:
 A = Kills in this place as a percentage of kills in the entire game.
 B = Kills by you in this place as a percentage of kills by you in the entire game.
 C = Kills by friends in this place as a percentage of kills by friends in the entire game.
 D = Other kills in this place as a percentage of other kills in the entire game.
 E = Experience gained in this place as a percentage of experience gained in the entire game.
 F = Experience gained in this place divided by the number of levels of this place that you have seen.
                   A       B       C       D       E      F
               +-------+-------+-------+-------+-------+----------------------
         Total | 100.0 | 100.0 |   N/A |   N/A | 100.0 | 208.7
       Dungeon | 100.0 | 100.0 |   N/A |   N/A | 100.0 | 243.5
               +-------+-------+-------+-------+-------+----------------------

Table legend: (Time is in decaauts)
 A = Elapsed time spent in this place.
 B = Non-inter-level travel time spent in this place.
 C = Inter-level travel time spent in this place.
 D = Time resting spent in this place.
 E = Time spent auto-exploring this place.
 F = Levels seen in this place.
 G = Mean time per level.
                   A        B        C        D        E       F      G
               +--------+--------+--------+--------+--------+-----+--------+
         Total |   4991 |   4787 |    204 |    117 |   3929 |   7 |  713.0 |
       Dungeon |   4902 |   4714 |    188 |    117 |   3884 |   6 |  817.0 |
        Temple |     89 |     73 |     16 |      0 |     45 |   1 |   89.0 |
               +--------+--------+--------+--------+--------+-----+--------+

Top non-repeatable levels by time:
     D:2: 1301 daAuts
     D:3: 1085 daAuts
     D:5: 883 daAuts
     D:4: 830 daAuts
     D:1: 602 daAuts
     D:6: 200 daAuts
  Temple: 89 daAuts
